 Seeded DCSS version 0.30-a0-439-g9e77e4d916 (webtiles) character file.

Game seed: 2672040522805985899 (custom seed)

45 innerfire433 the Trooper (level 3, -1/29 HPs)
             Began as a Demonspawn Monk on Dec 11, 2022.
             Succumbed to Sigmund's poison
             ... on level 2 of the Dungeon.
             The game lasted 00:02:22 (1186 turns).

innerfire433 the Trooper (Demonspawn Monk)          Turns: 1186, Time: 00:02:22

Health: -1/29      AC:  6    Str: 13    XL:     3   Next: 42%
Magic:  3/3        EV: 13    Int: 11    God:
Gold:   96         SH:  0    Dex: 15    Spells: 2/2 levels left

rFire   . . .      SeeInvis .    k - +10 dagger "Buwuc" {venom, rC+}
rCold   + . .      Faith    .    (no shield)
rNeg    + . .      Spirit   .    l - +1 ring mail {rN+}
rPois   .          Reflect  .    (no helmet)
rElec   .          Harm     .    (no cloak)
rCorr   .          Rampage  .    (no gloves)
Will    .....                    (no boots)
Stlth   ++........               (no amulet)
HPRegen 0.24/turn                (no ring)
MPRegen 0.08/turn                (no ring)

@: lethally poisoned (-1 -> -25)
A: sturdy frame 2
a: no special abilities


You were on level 2 of the Dungeon.
You visited 1 branch of the dungeon, and saw 2 of its levels.

You collected 96 gold pieces.

Inventory:

Hand Weapons
 a - a +0 short sword
 k - the +10 dagger "Buwuc" (weapon) {venom, rC+}
   (You found it on level 2 of the Dungeon)

   It poisons the flesh of those it strikes.
   rC:        It protects you from cold.
Armour
 b - a +0 robe
 l - a +1 ring mail of positive energy (worn)
 n - a scarf of harm
Jewellery
 d - a ring of see invisible
 j - a ring of resist corrosion
Scrolls
 g - 3 scrolls of identify {unknown}
 h - 2 scrolls of teleportation {unknown}
 i - 2 scrolls of enchant armour {unknown}
 m - a scroll of silence {unknown}
Potions
 c - a potion of ambrosia
 e - a potion of flight {unknown}
 f - 3 potions of heal wounds {unknown}


   Skills:
 + Level 3.3 Fighting
 + Level 3.1 Short Blades
 + Level 1.2 Armour
 + Level 3.1 Dodging
 - Level 1.7 Stealth


You had 2 spell levels left.
You didn't know any spells.
Your spell library contained the following spells:

 Spells                   Type           Power      Damage    Failure   Level
 Ignite Poison            Fire/Tmut/Pois 0%         N/A       75%         3
 Sticky Flame             Conj/Fire      0%         2d3       98%         4
 Ignition                 Fire           0%         3d3       100%        8


Dungeon Overview and Level Annotations

Branches:
Dungeon (2/15)

Altars:

Annotations:
D:2 Sigmund


Innate Abilities, Weirdness & Mutations

Your movements are less encumbered by armour. (ER -4)


Message History

You puncture the giant cockroach!
You kill the giant cockroach!
No target in view!
There is a stone staircase leading up here.
There is a stone staircase leading up here.
There is a stone staircase leading up here.
There is an open door here.
A worm comes into view.
A worm is nearby!
Sigmund the Dreaded comes into view.
He is wielding a +1 scythe of venom.
You hit the worm.
The worm is poisoned.
The worm is moderately wounded.
Sigmund shouts!
You hit the worm.
The worm looks as sick as possible!
The worm is severely wounded.
You barely miss the worm.
The worm is severely wounded.
The worm closely misses you.
You barely miss the worm.
The worm is severely wounded.
Sigmund is suddenly surrounded by pale green light.
Sigmund casts a spell.
Sigmund flickers and vanishes!
Deactivating autopickup; reactivate with Ctrl-A.
You hit the worm but do no damage.
The worm looks as sick as possible!
You punch the worm.
The worm is almost dead.
You kill the worm!
No target in view!
No target in view!
Something hits you!
You are poisoned.
You feel very sick. Something hits you!
You are lethally poisoned!
You puncture something!
* * * LOW HITPOINT WARNING * * *
You feel extremely sick.
You puncture something!
You die...

#
##.#####§§.#+###
#
#......§.§§....#
#
#..............
#
#.........[§...
# #.........##..
#
#.........#####
#
#.............#
#
##.............#
#
#...######@....#
#######'###
#{....#
#........#
#.....#
##.......#
#...$.#
.#.....<.#
#.....#
.##......#
#.....#
#.#......#
#.....#
#.##....†#
#.....#
##.#.....#


There were no monsters in sight!

Vanquished Creatures
  3 worms (D:2)
  A dart slug (D:1)
  4 bats
  2 endoplasms (D:1)
  3 giant cockroaches
  3 goblins (D:1)
  A hobgoblin (D:2)
  2 jackals (D:1)
  A quokka (D:2)
  5 ball pythons
  4 frilled lizards
  2 kobolds
  3 rats
34 creatures vanquished.

Notes
Turn   | Place    | Note
-------+----------+-------------------------------------------
     0 | D:1      | innerfire433 the Demonspawn Monk began the quest for the
                  | Orb.
     0 | D:1      | Reached XP level 1. HP: 18/18 MP: 1/1
   141 | D:1      | Gained mutation: Your movements are slightly less
                  | encumbered by armour. (ER -2) [demonic ancestry]
   141 | D:1      | Reached XP level 2. HP: 24/24 MP: 2/2
   734 | D:2      | Reached skill level 1 in Armour
   834 | D:2      | Gained mutation: Your movements are less encumbered by
                  | armour. (ER -4) [demonic ancestry]
   834 | D:2      | Reached XP level 3. HP: 29/29 MP: 3/3
   871 | D:2      | Identified the +10 dagger "Buwuc" {venom, rC+}
  1097 | D:2      | Found a faded altar of an unknown god.
  1176 | D:2      | Noticed Sigmund
  1186 | D:2      | Succumbed to Sigmund's poison

Illustrated notes

Levels and vault maps discovered:
D:1:      psy_arrival_radial02, layout_rooms
D:2:      layout_basic, ebering_ecumenical_altar_mist, grunt_decor_clamped,
          uniq_sigmund

Skill      XL: |  1  2 |
---------------+-------+-----
Short Blades   | 3 |  3.1
Dodging        | 3 |  3.1
Armour         | 1 |  1.2
Fighting       | |  3.3
Stealth        | |  1.7

Action                   || total
-------------------------++-------
Melee: Short sword       ||    94
       Punch             ||     4
       Dagger            ||    24
 Stab: Distracted        ||     1
       Sleeping          ||     3
Armor: Robe              ||    20
       Ring mail         ||     3
Dodge: Dodged            ||    76

Table legend: (Time is in decaauts)
 A = Elapsed time spent in this place.
 B = Non-inter-level travel time spent in this place.
 C = Inter-level travel time spent in this place.
 D = Time resting spent in this place.
 E = Time spent auto-exploring this place.
 F = Levels seen in this place.
 G = Mean time per level.
                   A        B        C        D        E       F      G
               +--------+--------+--------+--------+--------+-----+--------+
         Total |   1168 |   1132 |     36 |      0 |    841 |   2 |  584.0 |
       Dungeon |   1168 |   1132 |     36 |      0 |    841 |   2 |  584.0 |
               +--------+--------+--------+--------+--------+-----+--------+

Top non-repeatable levels by time:
     D:1: 700 daAuts
     D:2: 468 daAuts
